 Dungeon Crawl Stone Soup version 0.28-a0-1184-g53156a8862 (webtiles) character file.

Game seed: 14556320681494883095

31 mainiacjoe the Caller (level 3, -4/21 HPs)
             Began as an Octopode Summoner on Dec 17, 2021.
             Slain by Terence (5 damage)
             ... on level 2 of the Dungeon.
             The game lasted 00:04:23 (1302 turns).

mainiacjoe the Caller (Octopode Summoner)           Turns: 1302, Time: 00:04:24

Health: -4/21      AC:  1    Str:  7    XL:     3   Next: 22%
Magic:  0/6        EV: 13    Int: 19    God:
Gold:   51         SH:  0    Dex: 12    Spells: 3/6 levels left

rFire   . . .      SeeInvis .   a - +0 short sword
rCold   . . .      Faith    .   (no shield)
rNeg    . . .      Spirit   .   (helmet restricted)
rPois   .          Reflect  .   (no amulet)
rElec   .          Harm     .   (no ring)
rCorr   .          Rampage  .   (no ring)
Will    .....                   (no ring)
Stlth   +++.......              (no ring)
HPRegen 0.07/turn               (no ring)
MPRegen 0.10/turn               (no ring)
                                (no ring)
                                (no ring)

@: no status effects
A: almost no armour, amphibious, 8 rings, camouflage 1, gelatinous body 1,
(nimble swimmer 1), tentacles
a: no special abilities


You were on level 2 of the Dungeon.
You visited 1 branch of the dungeon, and saw 2 of its levels.

You collected 51 gold pieces.

Inventory:

Hand Weapons
 a - a +0 short sword (weapon)
 b - a +0 hunting sling
Missiles
 h - 53 stones
Scrolls
 d - a scroll of vulnerability {unknown}
 e - a scroll of teleportation
 f - a scroll of silence {unknown}
 g - a scroll of identify {unknown}


   Skills:
 - Level 2.1 Dodging
 + Level 3.3 Stealth
 + Level 2.3 Spellcasting
 * Level 4.5 Summonings


You had 3 spell levels left.
You knew the following spells:

 Your Spells              Type           Power      Damage    Failure   Level
a - Summon Small Mammal   Summ           76%        N/A       2%          1
b - Call Imp              Summ           19%        N/A       3%          2

Your spell library contained the following spells:

 Spells                   Type           Power      Damage    Failure   Level
 Call Canine Familiar     Summ           19%        N/A       8%          3
 Summon Guardian Golem    Hex/Summ       10%        N/A       19%         3
 Summon Lightning Spire   Summ/Air       10%        N/A       54%         4


Dungeon Overview and Level Annotations

Branches:
Dungeon (2/15)

Altars:

Annotations:
D:2 Terence


Innate Abilities, Weirdness & Mutations

You cannot wear most types of armour.
You are amphibious.
You can wear up to eight rings at the same time.
Your skin changes colour to match your surroundings (Stealth+).
Your rubbery body absorbs attacks. (AC +1, EV +1)
((You are camouflaged near water. (Stealth+)))
You have tentacles for arms and can constrict up to eight enemies at once.


Message History

Your quokka bites Terence but does no damage. x2
Terence throws a stone.
The stone hits your quokka.
Your quokka bites Terence. x2; Terence barely misses your quokka.
Your quokka bites Terence.
Your quokka closely misses Terence. x2
Terence barely misses your quokka.
Your quokka bites Terence but does no damage. x2
Terence barely misses your quokka.
Your quokka bites Terence but does no damage. x2
Terence barely misses your quokka.
Your quokka closely misses Terence.
Your quokka misses Terence.
Your quokka bites Terence but does no damage.
Terence hits your quokka with a +2 mace of holy wrath!
Your quokka dies!
Your quokka's corpse disappears in a puff of smoke!
Casting: Summon Small Mammal (safe; 2% risk of failure)
Confirm with . or Enter, or press ? or * to list all spells.
Your quokka bites Terence.
Your quokka barely misses Terence.
a - a +0 short sword (weapon)
Your bat hits Terence but does no damage.
You barely miss Terence. Your grab misses Terence.
Terence is moderately wounded.
Your bat barely misses Terence.
Your quokka bites Terence but does no damage.
Terence hits you with a +2 mace of holy wrath!
You are too injured to fight recklessly!
You hit Terence but do no damage. Your grab misses Terence.
Terence is moderately wounded.
Your bat misses Terence.
Your quokka bites Terence but does no damage.
Your bat barely misses Terence.
Terence hits you with a +2 mace of holy wrath!
* * * LOW HITPOINT WARNING * * *
Your bat barely misses Terence.
Your quokka bites Terence but does no damage.
Your bat closely misses Terence.
Your bat misses Terence.
Your quokka completely misses Terence.
Terence hits you with a +2 mace of holy wrath.
You die...

...^.....
.........
........ ......
#...# #...#####.
#.#####.........
#.....@.........
#.#####@b.#####
#r.<#######
#.........#
#........$#
#.........#
#..?......#
#.(........
#.(........


You could see Terence (ally target), a friendly quokka (summoned) and a friendly
bat (summoned).

Vanquished Creatures
  An orc (D:2)
  A ball python (D:1)
  A goblin (D:1)
  2 quokkas (D:1)
  5 rats (D:1)
10 creatures vanquished.

Vanquished Creatures (collateral kills)
  2 orcs (D:2)
  2 endoplasms (D:1)
  3 goblins
  2 hobgoblins (D:2)
  A quokka (D:1)
  A frilled lizard (D:1)
  4 kobolds (D:1)
15 creatures vanquished.

Vanquished Creatures (others)
  5 plants (D:1)
5 creatures vanquished.

Grand Total: 30 creatures vanquished

Notes
Turn   | Place    | Note
-------+----------+-------------------------------------------
     0 | D:1      | mainiacjoe the Octopode Summoner began the quest for the
                  | Orb.
     0 | D:1      | Reached XP level 1. HP: 11/11 MP: 3/3
   275 | D:1      | Reached XP level 2. HP: 14/17 MP: 0/5
   278 | D:1      | Learned a level 2 spell: Call Imp
  1264 | D:2      | Noticed Terence
  1268 | D:2      | Reached XP level 3. HP: 21/21 MP: 1/6
  1299 | D:2      | HP: 1/21 [Terence (7)]
  1302 | D:2      | Slain by Terence

Illustrated notes

Levels and vault maps discovered:
D:1:      roderic_crop_circles_arrival_small, layout_basic,
          chequers_serial_rivers_micro_c
D:2:      layout_basic, basic_altar, hellmonk_ecumenical_altar_defaced_shrine,
          minmay_statues_item, guppyfry_early_orc_mine, uniq_terence

Skill      XL: |  1 |
---------------+----+-----
Stealth        | 3 |  3.3
Dodging        | |  2.1
Spellcasting   | |  2.3
Summonings     | |  4.5

Action                   || total
-------------------------++-------
Melee: Short sword       ||    13
       Constrict         ||     5
       Tentacles         ||     3
 Fire: Hunting sling     ||     5
Throw: Stone             ||     3
 Cast: Summon Small Mamm ||    23
       Call Imp          ||     4
  Use: Scroll            ||     1
 Stab: Sleeping          ||     1
Armor: Skin              ||     1
Dodge: Dodged            ||     5

Table legend: (Time is in decaauts)
 A = Elapsed time spent in this place.
 B = Non-inter-level travel time spent in this place.
 C = Inter-level travel time spent in this place.
 D = Time resting spent in this place.
 E = Time spent auto-exploring this place.
 F = Levels seen in this place.
 G = Mean time per level.
                   A        B        C        D        E       F      G
               +--------+--------+--------+--------+--------+-----+--------+
         Total |   1301 |   1267 |     34 |      0 |    966 |   2 |  650.5 |
       Dungeon |   1301 |   1267 |     34 |      0 |    966 |   2 |  650.5 |
               +--------+--------+--------+--------+--------+-----+--------+

Top non-repeatable levels by time:
     D:1: 1248 daAuts
     D:2: 53 daAuts
